 Dungeon Crawl Stone Soup version 0.16.1-18-g436b03c (webtiles) character file.

32 hannobal the Firebug (level 3, -1/19 HPs)
             Began as a Kobold Fire Elementalist on May 9, 2015.
             Slain by a gnoll
             ... wielding a +0 spear of chaos
              (6 damage)
             ... on level 2 of the Dungeon.
             The game lasted 00:05:53 (1297 turns).

hannobal the Firebug (Kobold Fire Elementalist)     Turns: 1297, Time: 00:05:53

Health: -1/19      AC:  4    Str:  7    XL:     3   Next: 42%
Magic:  0/6        EV: 15    Int: 13    God:
Gold:   12         SH:  0    Dex: 16    Spells: 3 memorised, 0 levels left

rFire  . . .     SeeInvis .     e - +0 whip
rCold  . . .     Clarity  .     a - +0 robe
rNeg   . . .     SustAb   .     (no shield)
rPois  .         Gourm    .     (no helmet)
rElec  .         Spirit   .     (no cloak)
rCorr  .         Warding  .     j - +0 pair of gloves
rMut   .         Stasis   .     h - +0 pair of boots
MR     .....                    o - amulet of rage
Stlth  ++........               (no ring)
                                (no ring)

@: not resistant to hostile enchantments, unstealthy
A: carnivore 3
a: Evoke Berserk Rage


You were on level 2 of the Dungeon.
You were very full.

You visited 1 branch of the dungeon, and saw 2 of its levels.

You collected 12 gold pieces.

Inventory:

Hand weapons
 e - a +0 whip (weapon)
 f - a +0 dagger
Missiles
 g - 4 stones (quivered)
 n - 13 bolts of flame
Armour
 a - a +0 robe (worn)
 d - a +0 leather armour
 h - a +0 pair of boots (worn)
 j - a +0 pair of gloves (worn)
 l - a +0 ring mail
Jewellery
 o - an amulet of rage (around neck)
Scrolls
 m - a scroll of identify
Potions
 i - a potion of heal wounds
Books
 b - a book of Flames

   Spells                             Type                      Level
   a - Flame Tongue                   Conjuration/Fire             1
   b - Throw Flame                    Conjuration/Fire             2
   c - Conjure Flame                  Conjuration/Fire             3
   d - Inner Flame                    Hexes/Fire                   3
   e - Sticky Flame                   Conjuration/Fire             4
   f - Fireball                       Conjuration/Fire             5
Comestibles
 c - a meat ration
 k - a chunk of flesh


   Skills:
 - Level 2.4 Dodging
 - Level 2.6 Stealth
 + Level 2.1 Spellcasting
 + Level 2.0 Conjurations
 + Level 3.5 Fire Magic


You couldn't memorise any spells.
You knew the following spells:

 Your Spells              Type           Power        Failure   Level  Hunger
a - Flame Tongue          Conj/Fire      #....        10%         1    ##.....
b - Throw Flame           Conj/Fire      #.....       14%         2    ###....
c - Conjure Flame         Conj/Fire      #.......     28%         3    ####...


Dungeon Overview and Level Annotations

Branches:
Dungeon (2/15)

Altars:


Innate Abilities, Weirdness & Mutations

You are small and have problems with some larger weapons.
You are carnivorous and can eat meat at any time.


Message History

Aiming: Conjure Flame
Press: ? - help, Dir - move target cursor You miscast Conjure Flame.
You are very lightly contaminated with residual magic.
You are momentarily dazzled by a flash of light!
Casting: Conjure Flame
Confirm with . or Enter, or press ? or * to list all spells.
You don't have enough magic to cast that spell.
Casting: Conjure Flame
Confirm with . or Enter, or press ? or * to list all spells.
You don't have enough magic to cast that spell.
You see here a bat skeleton.
Your magical contamination has completely faded away.
Casting: Conjure Flame
Confirm with . or Enter, or press ? or * to list all spells.
Aiming: Conjure Flame
Press: ? - help, Dir - move target cursor The fire roars!
The gnoll hits you from afar with a spear of chaos.
You die...

#.#..........#
.............##
####.#.....##
#.#....####
#.........#
#.#.#####.#
#####.#.## #.#
.........÷## #.#
##......<.# #@#
####.....# #§#
#.#.#.###g#######
.....#.............
###.........#####..
###########


You could see a gnoll.

Vanquished Creatures
  2 giant geckos
  An ooze (D:2)
  4 bats
  2 giant cockroaches
  4 hobgoblins (D:1)
  A giant newt (D:1)
  3 goblins
  3 jackals (D:1)
  4 kobolds (D:1)
  3 rats (D:1)
27 creatures vanquished.

Notes
Turn   | Place    | Note
--------------------------------------------------------------
     0 | D:1      | hannobal, the Kobold Fire Elementalist, began the quest for the Orb.
     0 | D:1      | Reached XP level 1. HP: 10/10 MP: 3/3
    80 | D:1      | Reached skill level 1 in Conjurations
   299 | D:1      | Reached XP level 2. HP: 15/15 MP: 2/4
   303 | D:1      | Learned a level 2 spell: Throw Flame
   849 | D:1      | Reached XP level 3. HP: 19/19 MP: 1/6
  1227 | D:2      | Learned a level 3 spell: Conjure Flame
  1297 | D:2      | Slain by a gnoll

Action                   || total
-------------------------++-------
Melee: Whip              ||    15
 Cast: Flame Tongue      ||    37
       Conjure Flame     ||     2
  Use: Scroll            ||     3
       Potion            ||     2
  Eat: Chunk             ||    10
